 Dungeon Crawl Stone Soup version 0.21-a0-329-g12f17e1 (webtiles) character file.

41088 namelastname112 the Covert (level 13, -6/62 HPs)
             Began as a Felid Wanderer on Oct 1, 2017.
             Was the Champion of Cheibriados.
             Shot with an arrow by a centaur (15 damage)
             ... on level 15 of the Dungeon.
             The game lasted 00:56:10 (31618 turns).

namelastname112 the Covert (Felid Wanderer)        Turns: 31618, Time: 00:56:11

Health: -6/62      AC:  6    Str: 21    XL:     13   Next: 78%
Magic:  21/26      EV: 37    Int: 37    God:    Cheibriados [******]
Gold:   2085       SH:  5    Dex: 33    Spells: 12/28 levels left
                                        Lives:  0   Deaths: 4

rFire    + . .     SeeInvis +     - Unarmed
rCold    + . .     Gourm    .   (shield unavailable)
rNeg     . . .     Faith    .   (armour unavailable)
rPois    .         Spirit   .   (helmet unavailable)
rElec    .         Reflect  +   (cloak unavailable)
rCorr    .         Harm     .   (gloves unavailable)
MR       +....                  (boots unavailable)
Stlth    +++++++...             s - +5 amulet of reflection
HPRegen  0.20/turn              U - +3 ring of protection
MPRegen  0.20/turn              Y - +4 ring of intelligence

@: very slow
A: no armour, no weapons or thrown items, stealth, claws 1, fangs 3, repulsion
field 1, see invisible, blink, carnivore 3, fire resistance 1, speed 1, sense
surroundings 1, shaggy fur 3, slow metabolism 1, sharp paws
a: Blink, Bend Time, Temporal Distortion, Slouch, Step From Time, Renounce
Religion


You were on level 15 of the Dungeon.
You worshipped Cheibriados.
Cheibriados was exalted by your worship.
You were completely stuffed.

You visited 4 branches of the dungeon, and saw 24 of its levels.
You also visited: Labyrinth.

You collected 2085 gold pieces.

Inventory:

Jewellery
 s - a +5 amulet of reflection (around neck)
 D - an uncursed ring of fire
 M - an uncursed ring of positive energy
 U - a +3 ring of protection (left paw)
 V - an uncursed ring of protection from magic
 Y - a +4 ring of intelligence (right paw)
Wands
 b - a wand of iceblast (8/15)
 l - a wand of confusion (20/48)
 o - a wand of iceblast (8/15)
 q - a wand of scattershot (4/9)
 r - a wand of disintegration (18/24)
 t - a wand of digging (0/24)
 x - a wand of confusion (29/48)
 z - a wand of acid (8/15)
 H - a wand of confusion (29/48)
 I - a wand of disintegration (8/24)
 J - a wand of acid (6/15)
 L - a wand of paralysis (3/24)
 S - a wand of iceblast (10/15)
 T - a wand of polymorph (6/24)
Scrolls
 a - 3 scrolls of blinking
 d - 8 scrolls of identify
 g - 3 scrolls of enchant weapon
 u - 13 scrolls of remove curse
 y - 6 scrolls of fog
 B - 3 scrolls of magic mapping
 E - a scroll of amnesia
 G - 5 scrolls of recharging
 Q - 4 scrolls of teleportation
Potions
 c - 2 potions of curing
 e - a potion of haste
 h - 7 potions of agility
 i - a potion of heal wounds
 j - a potion of magic
 k - 2 potions of resistance
 p - 3 potions of brilliance
 A - 2 potions of ambrosia
 C - 4 potions of flight
 N - 4 potions of mutation
 R - a potion of might
Books
 m - a book of Maledictions

   Spells                             Type                      Level
   a - Corona                         Hexes                        1
   b - Ensorcelled Hibernation        Hexes/Ice                    2
   c - Confuse                        Hexes                        3
   d - Tukima's Dance                 Hexes                        3
   e - Dazzling Spray                 Conjuration/Hexes            3
 v - a book of Changes

   Spells                             Type                      Level
   a - Beastly Appendage              Transmutation                1
   b - Sticks to Snakes               Transmutation                2
   c - Spider Form                    Transmutation/Poison         3
   d - Ice Form                       Ice/Transmutation            4
   e - Blade Hands                    Transmutation                5
 F - a book of Misfortune

   Spells                             Type                      Level
   a - Confusing Touch                Hexes                        1
   b - Confuse                        Hexes                        3
   c - Gell's Gravitas                Translocation                3
   d - Petrify                        Transmutation/Earth          4
   e - Metabolic Englaciation         Hexes/Ice                    5
   f - Yara's Violent Unravelling     Hexes/Transmutation          5
 K - a Grand Grimoire

   Spells                             Type                      Level
   a - Monstrous Menagerie            Summoning                    7
   b - Summon Greater Demon           Summoning                    7
   c - Malign Gateway                 Summoning/Translocation      7
   d - Summon Horrible Things         Summoning                    8
 O - a book of Alchemy

   Spells                             Type                      Level
   a - Sublimation of Blood           Necromancy                   2
   b - Ignite Poison                  Fire/Transmutation/Poison    3
   c - Petrify                        Transmutation/Earth          4
   d - Alistair's Intoxication        Transmutation/Poison         5
   e - Irradiate                      Conjuration/Transmutation    5
 W - a book of Geomancy

   Spells                             Type                      Level
   a - Sandblast                      Earth                        1
   b - Passwall                       Transmutation/Earth          2
   c - Stone Arrow                    Conjuration/Earth            3
   d - Petrify                        Transmutation/Earth          4
   e - Lee's Rapid Deconstruction     Earth                        5
Miscellaneous
 w - a box of beasts
 P - a fan of gales
Comestibles
 f - 13 meat rations
 n - 18 royal jellies


   Skills:
 + Level 10.7 Fighting
 + Level 12.9 Dodging
 + Level 14.1 Stealth
 + Level 12.7 Unarmed Combat
 + Level 8.3 Spellcasting
 + Level 12.5 Hexes
 * Level 9.6 Transmutations
 + Level 8.1 Invocations
 - Level 2.1 Evocations


You had 12 spell levels left.
You knew the following spells:

 Your Spells              Type           Power        Failure   Level  Hunger
b - Blade Hands           Tmut           ######....   1%          5    ###....
c - Dazzling Spray        Conj/Hex       ######       1%          3    None
d - Tukima's Dance        Hex            #######.     1%          3    None
x - Confuse               Hex            #######.     1%          3    None
z - Ensorcelled Hibernat  Hex/Ice        ######       1%          2    None


Dungeon Overview and Level Annotations

Branches:
Dungeon (15/15)            Temple (1/1) D:6            Lair (6/6) D:9
  Swamp (0/4) Lair:4       Spider (0/4) Lair:4        Slime (0/5) Lair:6
    Orc (2/2) D:10            Elf (0/3) Orc:2        Vaults (0/5) D:14
 Depths: D:15

Altars:
Ashenzari
Cheibriados
Dithmenos
Elyvilon
Fedhas
Gozag
Hepliaklqana
Kikubaaqudgha
Makhleb
Nemelex Xobeh
Okawaru
Qazlal
Ru
Sif Muna
Trog
Uskayaw
Vehumet
Wu Jian
Xom
Yredelemnul
Zin
The Shining One
Beogh
Jiyva

Shops:
D:6 (   Orc:2 %([=:

Annotations:
D:8 Torious's ghost, novice DECj
Lair:1 exclusion: ice statue


Innate Abilities, Weirdness & Mutations

You cannot wear armour.
You are incapable of wielding weapons or throwing items.
Your paws allow you to move quietly. (Stealth)
You have sharp claws.
You have razor-sharp teeth.
You have supernaturally acute eyesight. (SInv)
You are carnivorous and can eat meat at any time.
You cover ground quickly.
Your thick and shaggy fur keeps you warm. (AC +3, rC+)
You have a slow metabolism.
Your sharp claws are effective at attacking unaware monsters.
You are surrounded by a mild repulsion field. (EV +2)
You can translocate small distances at will.
Your flesh is heat resistant. (rF+)
You passively map a small area around you.


Message History

The centaur shoots an arrow.
The arrow hits you.
* * * LOW HITPOINT WARNING * * *
You turn to flesh and can move again.
You see here 12 arrows.
Unknown command.
You take 54 damage, and have 8/62 hp.
MASSIVE DAMAGE!!
You regained 2 mp, and now have 20/26 mp.
You catch the helpless ogre mage completely off-guard!
You eviscerate the ogre mage!!!
You kill the ogre mage!
Cheibriados thoroughly appreciates the change of pace.
Your enchanted spear hits the basilisk but does no damage.
The centaur shoots an arrow.
The arrow completely misses you.
The basilisk misses your enchanted spear.
Your enchanted spear falls from the air.
The centaur shoots an arrow.
The arrow completely misses you.
There is a stone staircase leading up, spattered with blood here.
You see here 3 arrows.
The centaur shoots an arrow.
The arrow hits you!
You die...

........# ** ≈ * #.... *
........######### #....
.......c........## ##...
..[..............# #...
................## #...
,...)...)).....#.)#
###..
........(...####)###....
.....).(..### #))#.....
#....l[@### ##.).....
##....### #....... #####
##...... ##..... #.....
#..... ..... #.... ...


You could see a basilisk and a centaur.

Vanquished Creatures
  A fire dragon (Lair:6)
  2 vault guards (D:14)
  11 hydras
  2 rakshasas (D:14)
  3 centaur warriors
  Erica (Orc:1)
  An ogre mage (D:15)
  4 two-headed ogres
  An alligator (Lair:6)
  2 death yaks
  4 orc high priests (Orc:2)
  Nergalle (D:12)
  Sonja (Lair:3)
  An unseen horror (D:13)
  A swamp dragon (Lair:6)
  Pikel (D:7)
  4 orc knights
  2 necromancers (D:14)
  5 orc sorcerers (Orc:2)
  2 manticores
  3 cyclopes (D:14)
  2 centaur zombies
  A moth of wrath (shapeshifter) (D:15)
  3 elephants (Lair:6)
  2 torpor snails
  4 black mambas
  Psyche (D:9)
  5 spiny frogs
  A gargoyle (D:15)
  6 komodo dragons
  A rime drake (Lair:2)
  2 kobold demonologists
  10 trolls
  10 polar bears (Lair:6)
  2 hornets
  3 meliai (D:14)
  11 slime creatures
  5 blink frogs (Lair:4)
  7 hippogriffs
  Grinder (D:4)
  3 raiju (Lair:6)
  A centaur simulacrum (D:14)
  2 shadows
  2 wraiths
  21 yaks
  3 wyverns
  5 basilisks
  2 steam dragons (Lair:6)
  18 humans (D:14)
  3 vampire mosquitoes (D:14)
  6 wargs
  2 acid dragons (Lair:6)
  A floating eye (shapeshifter) (D:14)
  14 hell hounds (Lair:6)
  11 water moccasins
  6 porcupines
  18 orc warriors
  3 swamp drakes (Lair:6)
  13 black bears
  7 sky beasts
  4 ice beasts
  24 wolves
  11 ogres
  An eye of draining (D:13)
  A slave (D:7)
  4 centaurs
  3 phantoms
  12 crocodiles
  A big kobold (D:10)
  9 bullfrogs
  2 wyvern zombies (D:9)
  6 scorpions
  A wyvern skeleton (D:11)
  3 wights (D:14)
  3 electric eels (Lair:1)
  A vampire bat (D:3)
  7 howler monkeys
  4 crimson imps
  2 lava snakes (D:10)
  A bullfrog zombie (D:5)
  4 hounds
  4 jellies
  A quasit (D:10)
  3 centaur skeletons
  14 orc priests
  23 orc wizards
  Jessica (D:2)
  3 bullfrog skeletons
  15 worker ants
  Ijyb (D:3)
  3 iguanas
  5 hell rats (Lair:5)
  Terence (D:3)
  2 hound skeletons
  Robin (D:3)
  A worker ant zombie (D:7)
  4 gnolls (D:6)
  11 adders
  3 shadow imps
  2 oozes
  An adder zombie (D:4)
  An adder skeleton (D:5)
  5 worms
  3 dart slugs
  5 leopard geckos
  69 orcs
  A ball python (D:1)
  18 bats
  2 giant cockroaches
  7 hobgoblins
  12 kobolds
  A quokka (D:11)
  7 frilled lizards
  27 goblins
  2 quokka skeletons
  7 rats
  A plant (Lair:6)
642 creatures vanquished.

Vanquished Creatures (collateral kills)
  A minotaur (Lab)
  A vault guard (D:14)
  2 two-headed ogres
  Urug (D:10)
  A necromancer (D:14)
  3 orc knights (Orc:2)
  A human (D:14)
  5 orc warriors
  4 ogres
  An orc priest (Orc:2)
  2 orcs (Orc:2)
22 creatures vanquished.

Vanquished Creatures (others)
  A basilisk (Lair:6)
  2 dancing weapons
  A crocodile (Lair:6)
  A bullfrog skeleton (D:7)
  6 fungi
  15 plants
26 creatures vanquished.

Grand Total: 690 creatures vanquished

Notes
Turn   | Place    | Note
-------+----------+-------------------------------------------
     0 | D:1      | namelastname112 the Felid Wanderer began the quest for the Orb.
     0 | D:1      | namelastname112 set off with: a scroll of blinking, a scroll of fear, a potion of curing, a potion of lignification, a meat ration
     0 | D:1      | Reached XP level 1. HP: 10/10 MP: 3/3
   289 | D:1      | Reached skill level 3 in Stealth
   289 | D:1      | Reached XP level 2. HP: 14/14 MP: 4/4
  1204 | D:2      | Reached XP level 3. HP: 17/17 MP: 5/5
  1217 | D:2      | Noticed Jessica
  1228 | D:2      | Killed Jessica
  1332 | D:2      | Found an ornate altar of the Wu Jian Council.
  1385 | D:2      | Reached XP level 4. HP: 17/21 MP: 6/6
  1606 | D:2      | Goblin1989: какого бога брать будешь?
  1615 | D:2      | namelastname112: чеи
  2075 | D:2      | Found a sacrificial altar of Ru.
  2252 | D:3      | Found a white marble altar of Elyvilon.
  2275 | D:3      | Noticed Ijyb
  2381 | D:3      | Noticed a phantom
  2624 | D:3      | Reached skill level 4 in Stealth
  2631 | D:3      | Noticed Terence
  2632 | D:3      | Found an ancient bone altar of Kikubaaqudgha.
  2660 | D:3      | Killed Terence
  2660 | D:3      | Reached XP level 5. HP: 19/25 MP: 7/7
  2808 | D:3      | Noticed Robin
  2932 | D:3      | Killed Robin
  3130 | D:3      | Found an opulent altar of Gozag.
  3131 | D:3      | Found a sparkling altar of Nemelex Xobeh.
  3523 | D:3      | Found a basalt altar of Yredelemnul.
  3705 | D:3      | Killed a phantom
  3705 | D:3      | Gained mutation: You are covered in thick fur. (AC +2) [Felid growth]
  3705 | D:3      | Reached XP level 6. HP: 28/28 MP: 8/8
  3764 | D:3      | Paralysed by Ijyb for 7 turns
  3773 | D:3      | Killed Ijyb
  4013 | D:4      | Reached skill level 5 in Stealth
  4581 | D:4      | Noticed Grinder
  4616 | D:4      | Found a shadowy altar of Dithmenos.
  4727 | D:4      | Reached skill level 5 in Dodging
  4807 | D:4      | Reached XP level 7. HP: 25/33 MP: 9/9
  4943 | D:4      | Reached skill level 5 in Unarmed Combat
  5193 | D:4      | Found a burning altar of Makhleb.
  5568 | D:4      | Killed Grinder
  5568 | D:4      | Reached skill level 6 in Stealth
  5741 | D:4      | Reached skill level 5 in Fighting
  5891 | D:4      | Reached XP level 8. HP: 26/37 MP: 10/10
  6383 | D:5      | Entered Level 5 of the Dungeon
  6422 | D:5      | Gained mutation: You are surrounded by a mild repulsion field. (EV +2) [mutagenic meat]
  6423 | D:5      | Gained mutation: You passively map a small area around you. [mutagenic meat]
  6424 | D:5      | Gained mutation: You can translocate small distances at will. [mutagenic meat]
  6425 | D:5      | Gained mutation: Your flesh is heat resistant. (rF+) [mutagenic meat]
  6504 | D:5      | Learned a level 3 spell: Confuse
  6507 | D:5      | Learned a level 2 spell: Ensorcelled Hibernation
  6552 | D:5      | Found an ancient bone altar of Kikubaaqudgha.
  6764 | D:5      | Reached skill level 1 in Hexes
  6941 | D:5      | Reached skill level 7 in Stealth
  7131 | D:5      | Reached skill level 1 in Spellcasting
  7597 | D:6      | Found a staircase to the Ecumenical Temple.
  7617 | Temple   | Entered the Ecumenical Temple
  8283 | D:6      | Goblin1989: че, в хреме чеи не было что ли? о_О
  8285 | D:6      | Found Iniedyfe's Antique Weapon Shoppe.
  8352 | D:6      | namelastname112: неа
  8669 | D:6      | Learned a level 3 spell: Tukima's Dance
  8883 | D:7      | Reached XP level 9. HP: 39/41 MP: 12/12
  8984 | D:7      | Noticed Pikel
  9006 | D:7      | Killed Pikel
  9006 | D:7      | Reached skill level 8 in Stealth
  9917 | D:8      | Noticed Torious's ghost (novice DECj)
  9928 | D:8      | Noticed a two-headed ogre
 10134 | D:8      | Found a radiant altar of Vehumet.
 10511 | D:8      | Killed a two-headed ogre
 10511 | D:8      | Reached skill level 5 in Hexes
 10989 | D:9      | Found a snail-covered altar of Cheibriados.
 11004 | D:9      | Became a worshipper of Cheibriados the Contemplative
 11085 | D:9      | Noticed a centaur warrior
 11089 | D:9      | Killed a centaur warrior
 11089 | D:9      | Reached skill level 9 in Stealth
 11089 | D:9      | Reached skill level 1 in Invocations
 11089 | D:9      | Reached XP level 10. HP: 46/46 MP: 16/16
 11130 | D:9      | Noticed Psyche
 11132 | D:9      | Killed Psyche
 11485 | D:9      | Found a staircase to the Lair.
 11886 | D:10     | Entered Level 10 of the Dungeon
 12011 | D:10     | Found a staircase to the Orcish Mines.
 12043 | D:10     | Killed from afar by an orc wizard
 12044 | D:10     | Reached XP level 9. HP: -1/43 MP: 14/15
 12525 | D:10     | Noticed Urug
 12535 | D:10     | Killed Urug
 12619 | D:10     | Reached * piety under Cheibriados
 12653 | D:10     | Reached XP level 10. HP: 38/47 MP: 17/17
 12861 | D:10     | You fall through a shaft for 3 floors!
 12918 | D:13     | HP: 1/47 [slime creature (13)]
 12919 | D:13     | Slain by a slime creature
 12920 | D:13     | Reached XP level 9. HP: -1/43 MP: 16/16
 12979 | D:13     | Found a labyrinth entrance.
 13000 | Lab      | Entered a labyrinth
 13178 | Lab      | Noticed a minotaur
 13185 | Lab      | Reached skill level 10 in Stealth
 13185 | Lab      | Reached skill level 10 in Unarmed Combat
 13185 | Lab      | Reached skill level 5 in Spellcasting
 13185 | Lab      | Reached XP level 10. HP: 4/48 MP: 14/18
 13196 | Lab      | Killed a minotaur
 14569 | D:11     | Noticed a two-headed ogre
 14574 | D:11     | Killed a two-headed ogre
 14824 | D:11     | Reached skill level 10 in Dodging
 14853 | D:11     | Reached ** piety under Cheibriados
 15416 | D:12     | Reached skill level 11 in Stealth
 15416 | D:12     | Reached XP level 11. HP: 51/51 MP: 20/20
 15425 | D:12     | Noticed Nergalle
 15436 | D:12     | Noticed a spectral orc warlord
 15440 | D:12     | Killed Nergalle
 15465 | D:12     | Found a blossoming altar of Fedhas.
 15499 | D:12     | Noticed a two-headed ogre
 15510 | D:12     | Killed a two-headed ogre
 16213 | D:13     | Reached skill level 5 in Invocations
 16320 | D:9      | Reached *** piety under Cheibriados
 16329 | Lair:1   | Entered Level 1 of the Lair of Beasts
 16410 | Lair:1   | Noticed a four-headed hydra
 16535 | Lair:1   | Learned a level 3 spell: Dazzling Spray
 16968 | Lair:1   | Killed a four-headed hydra
 17220 | Lair:1   | Learned a level 5 spell: Blade Hands
 17484 | Lair:2   | Found a blossoming altar of Fedhas.
 17515 | Lair:2   | HP: 3/78 [wolf (5)]
 17974 | Lair:2   | Reached skill level 1 in Transmutations
 18032 | Lair:2   | Noticed a four-headed hydra
 18040 | Lair:2   | Killed a four-headed hydra
 18383 | Lair:2   | Gained mutation: Your thick and shaggy fur keeps you warm. (AC +3, rC+) [Felid growth]
 18383 | Lair:2   | Reached XP level 12. HP: 56/56 MP: 22/22
 18588 | Lair:3   | Noticed a six-headed hydra
 18595 | Lair:3   | Killed a six-headed hydra
 18608 | Lair:3   | Noticed Sonja
 18621 | Lair:3   | Killed Sonja
 18621 | Lair:3   | Reached **** piety under Cheibriados
 19362 | Lair:4   | Found a staircase to the Swamp.
 19364 | Lair:4   | Noticed an eight-headed hydra
 19379 | Lair:4   | Killed an eight-headed hydra
 19379 | Lair:4   | Reached skill level 12 in Stealth
 19384 | Lair:4   | Reached skill level 10 in Hexes
 19758 | Lair:4   | Found a hole to the Spider Nest.
 19909 | Lair:4   | Reached ***** piety under Cheibriados
 19918 | Lair:4   | Noticed a four-headed hydra
 20271 | Lair:4   | Killed a four-headed hydra
 20871 | Lair:5   | Noticed a six-headed hydra
 20878 | Lair:5   | Killed a six-headed hydra
 20932 | Lair:5   | Noticed a four-headed hydra
 20934 | Lair:5   | Noticed a death yak
 20934 | Lair:5   | Noticed a death yak
 20940 | Lair:5   | Slain by a death yak
 20941 | Lair:5   | Reached XP level 11. HP: -2/53 MP: 18/22
 21035 | Lair:4   | Killed a death yak
 21264 | Lair:5   | Killed a death yak
 21366 | Lair:5   | Killed a four-headed hydra
 21366 | Lair:5   | Reached skill level 5 in Transmutations
 21366 | Lair:5   | Reached XP level 12. HP: 57/57 MP: 20/23
 21608 | Lair:6   | Entered Level 6 of the Lair of Beasts
 22339 | Lair:6   | Noticed a four-headed hydra
 22341 | Lair:6   | Found a staircase to the Slime Pits.
 22349 | Lair:6   | Killed a four-headed hydra
 22666 | Lair:6   | Found a viscous altar of Jiyva.
 23106 | Lair:6   | Noticed a fire dragon
 23660 | Lair:6   | Reached ****** piety under Cheibriados
 23882 | Lair:6   | Noticed an alligator
 23890 | Lair:6   | Killed an alligator
 23908 | Lair:6   | Reached XP level 13. HP: 40/61 MP: 21/24
 23912 | Lair:6   | Reached skill level 13 in Stealth
 24737 | Lair:6   | Killed a fire dragon
 24737 | Lair:6   | Reached skill level 10 in Fighting
 25048 | Orc:1    | Entered Level 1 of the Orcish Mines
 25062 | Orc:1    | Noticed Erica
 25346 | Orc:1    | Killed Erica
 25618 | Orc:2    | Entered Level 2 of the Orcish Mines
 25618 | Orc:2    | Found a staircase to the Elven Halls.
 25618 | Orc:2    | Found a roughly hewn altar of Beogh.
 25618 | Orc:2    | Found Ycruasathri's Book Shoppe.
 27465 | Orc:2    | Found Cacymp's Antique Weapon Boutique.
 27465 | Orc:2    | Found Othatz's Food Boutique.
 27471 | Orc:2    | Found Catashypn's Jewellery Shoppe.
 27471 | Orc:2    | Found Ulugheam's Antique Armour Shoppe.
 27560 | Orc:2    | Paralysed by an orc sorcerer for 6 turns
 28648 | D:13     | Reached XP level 14. HP: 66/66 MP: 26/26
 29652 | D:14     | Found a gate to the Vaults.
 30659 | D:14     | Hit by a large rock thrown by a cyclops
 30660 | D:14     | Reached XP level 13. HP: -8/62 MP: 21/26
 30677 | D:14     | Reached skill level 14 in Stealth
 31052 | D:15     | Entered Level 15 of the Dungeon
 31618 | D:15     | Shot with an arrow by a centaur

Vault maps used:
D:1:      evilmike_arrival_rings
D:2:      overflow_temple_1_default, lemuel_coloured_pillars_altar, uniq_jessica
D:3:      grunt_temple_overflow_opulence, kennysheep_ying_yang,
          kiku_gazebo_garden_becter, roderic_batcave, uniq_robin, uniq_ijyb,
          uniq_terence
D:4:      old_forge, overflow_temple_1_default,
          grunt_dithmenos_smoke_and_mirrors, first_bread, grunt_ministairs_3,
          roderic_lattice_a, kennysheep_generic_room_13, uniq_grinder
D:5:      basic_altar, minmay_ogre_servants
D:6:      minmay_temple_entry_glassed_door, serial_shops, shop,
          hangedman_decor_growths
D:7:      grunt_ogre_cave, uniq_pikel
D:8:      vehumet_crystals
D:9:      minmay_opposing_rooms, cheibrodos_worm_habitat, lair_entry_dummy,
          uniq_psyche
D:10:     orc_0_dummy, kennysheep_generic_room_2, uniq_urug
D:12:     fedhas_altar_2, uniq_nergalle
D:13:     lab_entry_generic
D:14:     grunt_vaults_entry_tiered, hangedman_abyss_or_decor_stagger,
          grunt_ministairs_15
D:15:     grunt_enter_depths_hoard, corexii_corridor_pit, st_stairs_4,
          lemuel_centaur_altar
Temple:   minmay_freezing_vapour_temple
Lair:1:   statuecave_lemuel
Lair:2:   nicolae_volcano_entry_hallway, basic_altar, infiniplex_staircase_pool
Lair:3:   serial_bayou_shore_b, uniq_sonja
Lair:4:   minmay_swamp_entry_reptiles, nicolae_spider_entry_non_spiders,
          lookout_lair_type
Lair:6:   hangedman_lair_caniforms_friends, guppyfry_lair_end_dragon,
          slime_altar_1
Orc:1:    uniq_erica
Orc:2:    st_orc_elflike, serial_shops, shop, basic_altar
Lab:      labyrinth_mini_lab

Skill      XL: |  1  2  3  4  5  6  7  8  9 10 11 12 13 14 |
---------------+-------------------------------------------+-----
Stealth        | 3 4 5 6 7 10 11 12 14 | 14.1
Dodging        | 3 4 5 6 7 9 10 11 12 | 12.9
Unarmed Combat | 2 3 4 5 7 10 9 11 12 | 12.7
Fighting       | 4 5 8 7 9 10 | 10.7
Hexes          | 3 7 8 9 11 12 | 12.5
Spellcasting   | 1 5 6 7 8 |  8.3
Invocations    | 3 4 5 6 8 |  8.1
Transmutations | 5 6 8 9 |  9.6
Evocations     | |  2.1

Action                   |  1- 3 |  4- 6 |  7- 9 | 10-12 | 13-15 || total
-------------------------+-------+-------+-------+-------+-------++-------
Melee: Unarmed           |    99 |   252 |   407 |   533 |   559 ||  1850
       Bite              |     9 |    20 |    35 |    90 |   108 ||   262
       Punch             |       |     3 |    10 |    31 |    53 ||    97
 Cast: Tukima's Dance    |       |       |    17 |     5 |    37 ||    59
       Ensorcelled Hiber |       |       |    15 |   136 |    10 ||   161
       Confuse           |       |       |     9 |    28 |    21 ||    58
       Dazzling Spray    |       |       |       |     8 |    10 ||    18
       Blade Hands       |       |       |       |     8 |    26 ||    34
Invok: Bend Time         |       |       |       |     1 |       ||     1
       Slouch            |       |       |       |     1 |       ||     1
 Abil: End Transformatio |       |       |       |       |     1 ||     1
Evoke: Wand              |       |     5 |     4 |     5 |     5 ||    19
  Use: Scroll            |       |     9 |     6 |    18 |     5 ||    38
       Potion            |       |     1 |     4 |     4 |     3 ||    12
 Stab: Sleeping          |     7 |    15 |    30 |    93 |    22 ||   167
       Distracted        |     1 |     1 |     5 |     4 |     6 ||    17
       Confused          |       |     2 |     3 |    17 |     3 ||    25
       Paralysed         |       |       |     2 |       |       ||     2
       Held in net/web   |       |       |     1 |       |       ||     1
       Invisible         |       |       |       |     5 |     1 ||     6
  Eat: Chunk             |     8 |     7 |    25 |    31 |    21 ||    92
Armor: Skin              |     7 |    17 |    18 |    44 |    17 ||   103
Dodge: Dodged            |    89 |   215 |   253 |   546 |   619 ||  1722
Block: Other             |       |       |    49 |   123 |   125 ||   297
       Reflection        |       |       |     2 |     1 |     6 ||     9

Table legend:
 A = Spawn XP
 B = Non-spawn XP
 C = Spawn XP percentage of total XP
 D = Spawn monster count
 E = Non-spawn monster count
 F = Spawn count percentage of total count
 G = Total turns spent on level
                    A         B        C        D         E        F      G
               +---------+---------+-------+---------+---------+-------+---------
         Total |       0 |  108245 |   0.0 |       0 |     664 |   0.0 | 31618
               +---------+---------+-------+---------+---------+-------+---------
           D:1 |       0 |      40 |   0.0 |       0 |      21 |   0.0 |  1202
           D:2 |       0 |      98 |   0.0 |       0 |      21 |   0.0 |  1039
           D:3 |       0 |     359 |   0.0 |       0 |      40 |   0.0 |  1603
           D:4 |       0 |    1001 |   0.0 |       0 |      32 |   0.0 |  2539
           D:5 |       0 |     599 |   0.0 |       0 |      21 |   0.0 |  1084
           D:6 |       0 |     543 |   0.0 |       0 |      18 |   0.0 |  1132
           D:7 |       0 |    1264 |   0.0 |       0 |      11 |   0.0 |  1301
           D:8 |       0 |    1293 |   0.0 |       0 |      18 |   0.0 |   991
           D:9 |       0 |    2019 |   0.0 |       0 |      14 |   0.0 |  1032
          D:10 |       0 |    3350 |   0.0 |       0 |      28 |   0.0 |  1803
          D:11 |       0 |    1479 |   0.0 |       0 |      12 |   0.0 |  1102
          D:12 |       0 |    6086 |   0.0 |       0 |      21 |   0.0 |   940
          D:13 |       0 |    7223 |   0.0 |       0 |      37 |   0.0 |  1787
          D:14 |       0 |   18584 |   0.0 |       0 |      65 |   0.0 |  1843
          D:15 |       0 |    4261 |   0.0 |       0 |      14 |   0.0 |   239
        Lair:1 |       0 |    3265 |   0.0 |       0 |      14 |   0.0 |  1165
        Lair:2 |       0 |    2749 |   0.0 |       0 |      12 |   0.0 |  1122
        Lair:3 |       0 |    3357 |   0.0 |       0 |      10 |   0.0 |   797
        Lair:4 |       0 |    7030 |   0.0 |       0 |      31 |   0.0 |  1280
        Lair:5 |       0 |    5362 |   0.0 |       0 |      20 |   0.0 |   992
        Lair:6 |       0 |   22991 |   0.0 |       0 |     103 |   0.0 |  3334
         Orc:1 |       0 |    3315 |   0.0 |       0 |      37 |   0.0 |  1025
         Orc:2 |       0 |   11400 |   0.0 |       0 |      63 |   0.0 |  1808
           Lab |       0 |     577 |   0.0 |       0 |       1 |   0.0 |   456
               +---------+---------+-------+---------+---------+-------+---------
